 Dungeon Crawl Stone Soup version 0.24.0-37-gcf1ca852f1 (webtiles) character file.

Game seed: 320503096940435812, levelgen mode: deterministic

354227 Amplified the Warrior (level 22, -11/161 (162) HPs)
             Began as a Tengu Enchanter on Nov 25, 2019.
             Was the Champion of Yredelemnul.
             Mangled by a vampire knight
             ... wielding a +3 dire flail
              (22 damage)
             ... on level 3 of the Crypt on Nov 26, 2019.
             The game lasted 01:40:39 (39771 turns).

Amplified the Warrior (Tengu Enchanter)            Turns: 39771, Time: 01:40:40

HP:   -11/161 (162) AC: 26    Str: 21    XL:     22   Next: 29%
MP:   36/36         EV: 30    Int: 16    God:    Yredelemnul [******]
Gold: 725           SH:  0    Dex: 18    Spells: 23/40 levels left

rFire    + . .     SeeInvis .   I - +3 glaive (flame)
rCold    + + .     Gourm    .   (shield currently unavailable)
rNeg     + + .     Faith    .   E - +5 ring mail of Beogh's Pride {rPois rN+}
rPois    +         Spirit   .   V - +0 hat of Jaerch {rC+ Slay+3} (curse)
rElec    +         Reflect  .   h - +2 cloak {MR+}
rCorr    .         Harm     .   T - +5 pair of gloves "Uwnopogg" {Dex+2}
MR       +++..                  (boots unavailable)
Stlth    ++........             A - amulet "Putolu" {rPois Regen+}
HPRegen  0.76/turn              D - ring "Vuynnux" {+Blink rN+ Str+4}
MPRegen  0.25/turn              q - ring "Buim" {rElec rF+ rC+ MR+}

@: flying quickly and evasively, slowed, studying Dodging, very slow
A: beak, talons 3, thin metallic scales 1, robust 1, able to fly
}: 2/15 runes: decaying, gossamer
a: Stop Flying, Recall Undead Slaves, Injury Mirror, Animate Dead, Drain Life,
Enslave Soul, Renounce Religion, Evoke Blink


You were on level 3 of the Crypt.
You worshipped Yredelemnul.
Yredelemnul was exalted by your worship.
You were not hungry.

You visited 9 branches of the dungeon, and saw 42 of its levels.
You visited 1 bazaar.
You also visited: Bailey, Gauntlet, Ice Cave and Volcano.

You collected 5026 gold pieces.
You spent 4301 gold pieces at shops.

Inventory:

Hand Weapons
 B - a +4 halberd of electrocution
 G - a +3 bardiche of chopping
 I - a +3 glaive of flaming (weapon)
Missiles
 p - 3 throwing nets
 J - 31 silver javelins (quivered)
Armour
 c - a +4 scale mail of fire resistance
 h - a +2 cloak of magic resistance (worn)
 j - the +17 plate armour "Aleynih" {Str+5}
   (You found it on level 3 of the Vaults)

   It affects your strength (+5).
 s - the +2 cloak of the Thief {+Fog Slay-2 SInv Stlth+}
   (You found it on level 4 of the Swamp)

   It affects your accuracy and damage with ranged weapons and melee attacks
   (-2).
   It lets you see invisible.
   It makes you more stealthy.
 t - the +0 cloak "Xesu" {rC+ Dex+4}
   (You found it on level 14 of the Dungeon)

   It affects your dexterity (+4).
   It protects you from cold.
 E - the +5 ring mail of Beogh's Pride (worn) {rPois rN+}
   (You bought it in a shop on level 1 of the Elven Halls)

   It protects you from poison.
   It protects you from negative energy.
 K - a +4 scale mail of cold resistance
 S - the +7 scale mail of the Circus Animal {Str+2}
   (You found it in a volcano)

   It affects your strength (+2).
 T - the +5 pair of gloves "Uwnopogg" (worn) {Dex+2}
   (You found it on level 2 of the Swamp)

   It affects your dexterity (+2).
 V - the cursed +0 hat of Jaerch (worn) {rC+ Slay+3}
   (You found it on level 1 of the Swamp)

   It affects your accuracy and damage with ranged weapons and melee attacks
   (+3).
   It protects you from cold.
   It has a curse placed upon it.
 Y - a +0 cloak of fire resistance
Jewellery
 g - an uncursed amulet of the acrobat
 q - the ring "Buim" (right hand) {rElec rF+ rC+ MR+}
   (You took it off a minotaur in a Gauntlet)

   [ring of protection from cold]

   It protects you from fire.
   It protects you from cold.
   It insulates you from electricity.
   It affects your resistance to hostile enchantments.
 A - the amulet "Putolu" (around neck) {rPois Regen+}
   (You found it on level 3 of the Crypt)

   [amulet of regeneration]

   It protects you from poison.
   It increases your rate of regeneration.
 C - the amulet "Vekhesket" {rPois rF+ Regen+ Int-2}
   (You found it on level 3 of the Crypt)

   [amulet of regeneration]

   It affects your intelligence (-2).
   It protects you from fire.
   It protects you from poison.
   It increases your rate of regeneration.
 D - the ring "Vuynnux" (left hand) {+Blink rN+ Str+4}
   (You found it on level 3 of the Crypt)

   [ring of positive energy]

   It affects your strength (+4).
   It protects you from negative energy.
   It lets you blink.
 Q - an uncursed ring of see invisible
 R - an uncursed ring of protection from fire
 Z - an uncursed ring of poison resistance
Wands
 l - a wand of acid (13)
 m - a wand of disintegration (47)
 u - a wand of paralysis (20)
 M - a wand of iceblast (15)
Scrolls
 e - 2 scrolls of summoning
 i - 20 scrolls of remove curse
 n - a scroll of fear
 o - 3 scrolls of amnesia
 r - a scroll of teleportation
 y - 5 scrolls of enchant armour
 z - 4 scrolls of fog
Potions
 a - 4 potions of haste
 b - 10 potions of ambrosia
 k - a potion of cancellation
 v - 9 potions of magic
 w - 8 potions of brilliance
 x - 5 potions of curing
 L - 7 potions of agility
 P - 7 potions of might
 U - 5 potions of resistance
 W - 3 potions of invisibility
Books
 H - a manual of Dodging
Miscellaneous
 N - 3 boxes of beasts
Comestibles
 d - 78 rations


   Skills:
 - Level 18.5 Fighting
   Level 7.7 Short Blades
 * Level 18.3 Polearms
 - Level 16.3 Armour
 * Level 18.0 Dodging
 - Level 3.6 Stealth
 - Level 9.9 Spellcasting
 - Level 5.7 Hexes
 - Level 6.0 Charms
 - Level 5.6 Necromancy
 - Level 10.6 Invocations


You had 23 spell levels left.
You knew the following spells:

 Your Spells              Type           Power        Failure   Level  Hunger
a - Regeneration          Chrm/Necr      ####......   3%          3    None
b - Ensorcelled Hibernat  Hex/Ice        ###...       6%          2    None
c - Confuse               Hex            ####....     3%          3    None
d - Confusing Touch       Hex            ####..       1%          1    None
e - Spectral Weapon       Hex/Chrm       ####....     3%          3    None
f - Dispel Undead         Necr           ####....     32%         5    #####..

Your spell library contained the following spells:

 Spells                   Type           Power        Failure   Level  Hunger
 Animate Skeleton         Necr           N/A          1%          1    None
 Corona                   Hex            ####...      1%          1    None
 Infusion                 Chrm           ####         1%          1    None
 Pain                     Necr           ####         1%          1    None
 Corpse Rot               Necr           N/A          1%          2    None
 Slow                     Hex            ####....     1%          2    None
 Song of Slaying          Chrm           ####....     1%          2    None
 Sublimation of Blood     Necr           ####......   1%          2    None
 Tukima's Dance           Hex            ####....     3%          3    None
 Shroud of Golubria       Chrm/Tloc      ###...       5%          2    None
 Ozocubu's Armour         Chrm/Ice       ###.....     11%         3    None
 Dazzling Spray           Conj/Hex       ###...       12%         3    None
 Animate Dead             Necr           N/A          12%         4    ###....
 Apportation              Tloc           #.....       13%         1    None
 Beastly Appendage        Tmut           #.....       13%         1    None
 Freeze                   Ice            #...         13%         1    None
 Magic Dart               Conj           #...         13%         1    None
 Summon Butterflies       Summ           #.......     13%         1    None
 Summon Small Mammal      Summ           #...         13%         1    None
 Blink                    Tloc           N/A          19%         2    None
 Call Imp                 Summ           #.......     19%         2    None
 Poisonous Vapours        Pois/Air       #.....       19%         2    None
 Sticks to Snakes         Tmut           #.......     19%         2    None
 Throw Frost              Conj/Ice       #.....       19%         2    None
 Excruciating Wounds      Chrm/Necr      ####......   30%         5    #####..
 Agony                    Necr           ####....     32%         5    #####..
 Call Canine Familiar     Summ           #.......     36%         3    None
 Conjure Flame            Conj/Fire      #.......     36%         3    None
 Gell's Gravitas          Tloc           #.........   36%         3    None
 Ignite Poison            Fire/Tmut/Pois #.......     36%         3    None
 Lesser Beckoning         Tloc           #.........   36%         3    None
 Mephitic Cloud           Conj/Pois/Air  #.......     36%         3    None
 Recall                   Summ/Tloc      N/A          36%         3    None
 Spider Form              Tmut/Pois      #.........   36%         3    None
 Static Discharge         Conj/Air       #.......     36%         3    None
 Bolt of Draining         Conj/Necr      ###.......   71%         5    #####..
 Borgnjor's Vile Clutch   Necr/Erth      ###.......   71%         5    #####..
 Metabolic Englaciation   Hex/Ice        ###.......   71%         5    #####..
 Summon Mana Viper        Hex/Summ       ###.....     71%         5    #####..
 Yara's Violent Unravell  Hex/Tmut       ###.......   71%         5    #####..
 Ice Form                 Ice/Tmut       #.......     77%         4    ###....
 Petrify                  Tmut/Erth      #.......     77%         4    ###....
 Sticky Flame             Conj/Fire      #.......     77%         4    ###....
 Summon Ice Beast         Ice/Summ       #.......     77%         4    ###....
 Throw Icicle             Conj/Ice       #.......     77%         4    ###....
 Death Channel            Necr           ####......   88%         6    ######.
 Invisibility             Hex            ####....     88%         6    ######.
 Alistair's Intoxication  Tmut/Pois      #.......     98%         5    #####..
 Blade Hands              Tmut           #.........   98%         5    #####..
 Fireball                 Conj/Fire      #.........   98%         5    #####..
 Lightning Bolt           Conj/Air       #.........   98%         5    #####..
 Simulacrum               Ice/Necr       ###.......   99%         6    ######.
 Bolt of Fire             Conj/Fire      #.........   100%        6    ######.
 Freezing Cloud           Conj/Ice/Air   #.........   100%        6    ######.
 Malign Gateway           Summ/Tloc      #.........   100%        7    #######
 Monstrous Menagerie      Summ           #.........   100%        7    #######
 Ring of Flames           Chrm/Fire      ###.......   100%        7    #######
 Summon Greater Demon     Summ           #.........   100%        7    #######
 Summon Hydra             Summ           #.........   100%        7    #######
 Disjunction              Tloc           #.........   100%        8    #######
 Ignition                 Fire           #.........   100%        8    #######
 Summon Horrible Things   Summ           #.........   100%        8    #######
 Shatter                  Erth           #.........   100%        9    #######
 Tornado                  Air            #.........   100%        9    #######


Dungeon Overview and Level Annotations

Branches:
Dungeon (15/15)            Temple (1/1) D:7            Lair (6/6) D:9
  Swamp (4/4) Lair:4       Spider (4/4) Lair:3        Slime (0/5) Lair:6
    Orc (2/2) D:10            Elf (3/3) Orc:2        Vaults (4/5) D:13
  Crypt (3/3) Vaults:3       Tomb (0/3) Crypt:3      Depths (0/5) D:15
 Bailey (visited)           IceCv (visited)         Volcano (visited)
Gauntlet (visited)

Altars:
Ashenzari
Cheibriados
Dithmenos
Elyvilon
Fedhas
Gozag
Hepliaklqana
Kikubaaqudgha
Makhleb
Nemelex Xobeh
Okawaru
Qazlal
Ru
Sif Muna
Trog
Uskayaw
Vehumet
Wu Jian
Xom
Yredelemnul
Zin
The Shining One
Beogh
Jiyva

Shops:
D:10 }   D:12 *   Orc:1 *(*   Orc:2 !?[}   Elf:1 [   Elf:2 [   Crypt:1 *

Portals:
Pandemonium: Orc:2

Annotations:
Temple Summoner/Reaching
Lair:1 Slow progress, remember low health., exclusion: oklob plant
Spider:1 Longbows?
Orc:2 2 transporters, Delamore's ghost, journeyman HOFi
Elf:2 3 runed translucent doors
Vaults:3 4 runed translucent doors


Innate Abilities, Weirdness & Mutations

You have a beak for a mouth.
You have claws for feet.
You can fly continuously.
You are partially covered in thin metallic scales. (AC +2)
You are robust. (+10% HP)


Message History

Something completely misses your flayed ghost.
Something hits you.
* * * LOW HITPOINT WARNING * * *
Something bites you but does no damage. Something barely misses you.
Something closely misses you.
You fly downwards.
Reactivating autopickup.
There is a stone staircase leading up here.
Your magic is already full.
Unknown command.
Something hits you.
* * * LOW HITPOINT WARNING * * *
Deactivating autopickup; reactivate with Ctrl-A.
Something bites you but does no damage.
Your flayed ghost hits something but does no damage.
There is an open door here.
You slash something! You burn something. You claw something.
Something hits you!!
You die...
Your body rises from the dead as a mindless zombie.

#######################
#......................
#................DD....
#....WWWWWWWWW.....D...
#....#######........D..
#..nD#.....#.#######.DD
#..Vz#.....#.# #...
#....#@#'###.# #.##
#......<.....# #.#
#.....W......# #.#
#.#####......#######.#
#.# #..............#
#.# #..............#
#.# #..............#
#.# #..............#
#.# #..............##


You could see a friendly flayed ghost.

Vanquished Creatures
  An ancient lich (Crypt:3)
  Mara (Spider:4)
  Frederick (Crypt:3)
  The ghost of Woadakig the Executioner, a veteran FoFi of Dithmenos (Crypt:1)
  Jory (Crypt:3)
  A bone dragon (Crypt:3)
  A tentacled monstrosity (Vaults:4)
  An Ice Fiend (IceCv)
  The ghost of Buem the Warrior, an adept OgAM of Yredelemnul (Swamp:1)
  A sphinx (Vaults:1)
  5 ancient champions
  Gastronok (D:8)
  A thorn hunter (Swamp:3)
  Agnes (D:15)
  A storm dragon (Vaults:2)
  Kirke (Swamp:4)
  Donald (Vaults:1)
  2 revenants
  A frost giant (Vaults:3)
  Aizul (Swamp:4)
  3 ghost moths
  Louise (Swamp:4)
  3 vault wardens
  A ghoul (Crypt:3)
  3 emperor scorpions
  7 ironheart preservers
  9 stone giants
  4 vampire knights
  The ghost of opiumtea the Hand of Fortune, a journeyman DrCj of Nemelex Xobeh (Lair:3)
  2 entropy weavers
  The ghost of sipior the Grappler, a journeyman TrBe of Trog (Lair:2)
  2 spark wasps
  A minotaur (Gauntlet)
  An ettin (Vaults:4)
  Snorg (Lair:6)
  3 deep elf death magi
  3 eidola
  A fire dragon (Vaults:2)
  3 jiangshi (Crypt:1)
  7 vault guards
  The ghost of MrBoozer the Grappler, a journeyman TrCK of Xom (Orc:1)
  7 yaktaur captains
  3 great orbs of eyes
  3 ice dragons
  Harold (D:8)
  28 hydras
  A quicksilver dragon skeleton (Crypt:1)
  Erica (D:9)
  A ghost crab (Swamp:4)
  A merfolk avatar (Lair:6)
  6 ogre magi
  9 alligators
  A shambling mangrove (Swamp:4)
  5 centaur warriors
  2 catoblepae
  16 two-headed ogres
  7 dancing weapons
  A tengu warrior (D:15)
  3 deep troll shamans (Vaults:3)
  2 deep troll earth magi
  3 vampire magi
  6 death yaks (Lair:6)
  A soul eater (Crypt:1)
  A spriggan berserker (Swamp:4)
  A shock serpent (shapeshifter) (Vaults:1)
  4 orc high priests (Orc:2)
  7 deep elf knights
  2 large abominations (Elf:1)
  A sun demon (Orc:2)
  A shadow wraith (Crypt:3)
  11 skeletal warriors
  A spectral death yak (Lair:2)
  A spriggan druid (Swamp:3)
  3 flayed ghosts
  3 unseen horrors
  A glowing orange brain (Vaults:4)
  An infernal demonspawn (Orc:2)
  4 deep trolls
  A shadow dragon zombie (D:15)
  5 swamp dragons
  An obsidian statue (Crypt:1)
  6 deep elf archers
  6 necromancers
  A harpy (Lair:6)
  9 orc knights
  2 wolf spider zombies
  6 ironbrand convokers
  7 phantasmal warriors
  An anaconda skeleton (Crypt:3)
  32 deep elf magi
  8 orb spiders
  30 wolf spiders
  A stone giant zombie (Crypt:1)
  6 orc sorcerers
  A cyclops (D:15)
  12 ugly things
  6 manticores
  4 moths of wrath
  7 elephants
  A rust devil (Orc:2)
  Joseph (Lair:1)
  A fire giant skeleton (D:15)
  An ice statue (IceCv)
  2 black mambas
  A molten gargoyle (Volcano)
  21 spiny frogs
  5 vault sentinels
  An emperor scorpion zombie (Crypt:1)
  7 centaur skeletons
  2 gargoyles
  Psyche (D:11)
  A torpor snail (Lair:6)
  4 rime drakes
  A komodo dragon (shapeshifter) (Vaults:4)
  A yaktaur (shapeshifter) (Elf:2)
  9 freezing wraiths
  A spriggan skeleton (D:15)
  A spriggan zombie (D:15)
  A kobold demonologist (D:11)
  An anaconda simulacrum (IceCv)
  A dire elephant skeleton (Crypt:3)
  8 demonic crawlers
  2 hellwings
  2 tengu conjurers
  19 yaktaurs
  5 guardian mummies (Crypt:3)
  6 ice devils
  2 golden dragon simulacra (IceCv)
  4 polar bears (Lair:6)
  15 komodo dragons
  3 meliai (D:15)
  A red devil (Orc:2)
  An efreet (D:14)
  A polar bear (shapeshifter) (Vaults:2)
  36 jumping spiders
  4 trolls
  2 wind drakes (Lair:6)
  15 bog bodies
  16 blink frogs
  15 hornets
  21 slime creatures
  7 tyrant leeches
  2 dream sheep (Lair:6)
  A dream sheep (shapeshifter) (Elf:1)
  3 spectral black mambas (Lair:2)
  A flying skull (Crypt:2)
  7 hippogriffs
  A black mamba zombie (Crypt:3)
  56 redbacks
  An ettin skeleton (Crypt:1)
  18 tarantellas
  2 ynoxinuls (Orc:2)
  A water elemental (Elf:2)
  6 shadows
  6 wraiths
  7 wyverns
  2 air elementals (Elf:2)
  44 yaks
  6 dire elephant simulacra (IceCv)
  A basilisk (Lair:1)
  2 fire elementals (Volcano)
  A hog (shapeshifter) (Vaults:2)
  5 small abominations (Gauntlet)
  4 hogs (Swamp:4)
  Grum (D:9)
  2 hungry ghosts
  A wind drake skeleton (Crypt:3)
  14 vampire mosquitoes
  2 death yak simulacra (IceCv)
  An iron troll simulacrum (IceCv)
  Edmund (D:6)
  2 harpy simulacra (IceCv)
  15 insubstantial wisps
  5 wargs
  5 swamp worms
  4 hydra simulacra (IceCv)
  An acid dragon (D:14)
  A spiny frog skeleton (Crypt:3)
  19 water moccasins
  A deep troll skeleton (Crypt:1)
  7 porcupines
  7 swamp drakes
  6 ice beasts
  4 sky beasts
  3 black bears
  An infernal demonspawn skeleton (Crypt:3)
  A spectral torpor snail (Lair:2)
  An ettin simulacrum (IceCv)
  An ice dragon simulacrum (Crypt:1)
  A phantom (D:9)
  The ghost of sbaton the Chopper, an amateur DDFi (D:3)
  27 orc warriors
  A black mamba simulacrum (Lair:2)
  24 ogres
  A snapping turtle zombie (Crypt:1)
  3 necrophages
  6 boggarts
  13 centaurs
  13 wolves
  13 crocodiles
  4 earth elementals
  2 elf zombies (Elf:1)
  18 bullfrogs
  A wyvern zombie (D:11)
  A water moccasin zombie (D:7)
  8 scorpions
  11 killer bees
  4 wights
  5 howler monkeys
  A human simulacrum (Vaults:3)
  A wolf zombie (Crypt:1)
  6 crimson imps
  A yak skeleton (Crypt:1)
  A human zombie (Crypt:3)
  A quasit (D:7)
  A bullfrog zombie (D:8)
  A draconian simulacrum (IceCv)
  4 centaur zombies
  2 gnoll shamans
  12 hounds
  16 orc priests
  5 bullfrog skeletons
  4 jellies
  24 orc wizards
  4 iguanas
  Terence (D:2)
  A porcupine zombie (Crypt:2)
  14 worker ants
  4 troll simulacra (IceCv)
  A sky beast zombie (Crypt:1)
  3 centaur simulacra (IceCv)
  A naga skeleton (Crypt:3)
  A felid skeleton (Crypt:3)
  A hound zombie (D:11)
  A hound skeleton (D:7)
  6 mummies (Crypt:3)
  A howler monkey zombie (D:10)
  2 worker ant zombies
  13 adders
  An adder (shapeshifter) (Elf:1)
  21 gnolls
  An ogre simulacrum (IceCv)
  A naga simulacrum (IceCv)
  A steam dragon skeleton (Crypt:2)
  5 shadow imps
  4 white imps (IceCv)
  9 ufetubi (IceCv)
  2 oozes
  An adder zombie (D:8)
  2 adder skeletons
  A dart slug (D:1)
  7 worms
  5 leopard geckos
  72 orcs
  2 ball pythons
  8 giant cockroaches
  6 goblins
  20 hobgoblins
  21 jackals
  13 kobolds
  4 quokkas
  A ball python skeleton (Crypt:3)
  5 bats
  6 frilled lizards
  A frilled lizard skeleton (Crypt:3)
  A frilled lizard zombie (Crypt:3)
  A leopard gecko skeleton (D:6)
  A quokka skeleton (D:4)
  A quokka zombie (D:9)
  12 rats
  A river rat skeleton (Crypt:1)
  A briar patch (Swamp:1)
  A fungus (Lair:6)
  A plant (D:9)
  A spectral weapon (Orc:1)
1450 creatures vanquished.

Vanquished Creatures (collateral kills)
  An ancient lich (Crypt:3)
  Rupert (D:15)
  The ghost of Sianeop the Warrior, an adept GrFi of Cheibriados (Vaults:3)
  2 liches (Crypt:3)
  An ancient champion (Crypt:3)
  A sphinx (Vaults:3)
  2 revenants (Crypt:3)
  A thorn hunter (Swamp:1)
  4 vault wardens
  A curse skull (Crypt:3)
  A ghost moth (Spider:4)
  5 ironheart preservers
  4 stone giants
  2 entropy weavers
  An eidolon (Crypt:3)
  5 vault guards
  3 yaktaur captains
  4 hydras
  An ice dragon (Vaults:3)
  2 death knights (Vaults:3)
  2 two-headed ogres
  An alligator (Swamp:2)
  An ogre mage (Vaults:2)
  A dancing weapon (Elf:2)
  2 deep troll earth magi
  A spriggan berserker (Swamp:4)
  A queen ant (shapeshifter) (D:15)
  A deep troll shaman (Vaults:3)
  An orc high priest (Orc:2)
  3 deep elf knights
  6 deep trolls
  6 skeletal warriors
  4 swamp dragons (Swamp:4)
  An infernal demonspawn (Orc:2)
  2 gelid demonspawn (Orc:2)
  4 phantasmal warriors
  A golden dragon skeleton (Crypt:3)
  A harpy (Vaults:4)
  5 orc knights
  3 deep elf magi
  A deep elf archer (Elf:2)
  4 ironbrand convokers
  10 orb spiders
  A necromancer (Crypt:3)
  18 wolf spiders
  3 orc sorcerers (Orc:2)
  5 ugly things
  A moth of wrath (D:8)
  2 vault sentinels
  A centaur zombie (D:13)
  2 spiny frogs
  8 yaktaurs
  8 demonic crawlers
  A red devil (Orc:2)
  A tyrant leech (Swamp:2)
  A troll (shapeshifter) (Vaults:2)
  17 jumping spiders
  3 hornets
  A polar bear (shapeshifter) (Vaults:3)
  4 bog bodies
  A hippogriff (D:5)
  An ettin zombie (Crypt:3)
  8 slime creatures
  An ettin skeleton (Crypt:3)
  23 redbacks
  A spriggan (Swamp:2)
  8 tarantellas
  A wraith (Crypt:3)
  A fire elemental (Elf:2)
  A dire elephant simulacrum (IceCv)
  A vampire mosquito (Swamp:2)
  3 swamp worms
  2 large abominations (Elf:1)
  An acid dragon (Vaults:2)
  An iron troll simulacrum (IceCv)
  3 wargs
  A water moccasin (Lair:2)
  An insubstantial wisp (Swamp:4)
  A swamp drake (Swamp:4)
  15 orc warriors
  A fire dragon simulacrum (Crypt:3)
  2 boggarts (Vaults:3)
  An ogre (Vaults:2)
  A scorpion (D:5)
  A killer bee (D:11)
  9 orc priests
  2 orc wizards (Orc:2)
  A troll simulacrum (IceCv)
  A centaur simulacrum (Crypt:3)
  A mummy (Crypt:3)
  2 ufetubi (IceCv)
  16 orcs
  A jackal (D:5)
  A plant (Lair:6)
297 creatures vanquished.

Vanquished Creatures (others)
  2 profane servitors
  A bone dragon (Vaults:2)
  2 ghouls
  4 vampire knights
  A spark wasp (Spider:4)
  4 skeletal warriors
  A shadow wraith (Vaults:2)
  A swamp dragon (Swamp:4)
  7 flayed ghosts
  8 phantasmal warriors
  A deep elf mage (Elf:2)
  5 flying skulls (D:13)
  4 vampires
  6 wraiths
  2 insubstantial wisps (Swamp:4)
  A troll zombie (Orc:2)
  3 yak zombies (Lair:6)
  A wight (Lair:2)
  A centaur skeleton (D:11)
  2 mummies
  A worker ant zombie (D:11)
  13 orc zombies (Orc:2)
  An orc (Vaults:2)
  2 orc skeletons (Orc:2)
  A bush (Lair:6)
  A demonic plant (Gauntlet)
  8 fungi
  21 plants
  36 spectral weapons
141 creatures vanquished.

Grand Total: 1888 creatures vanquished

Notes
Turn   | Place    | Note
-------+----------+-------------------------------------------
     0 | D:1      | Amplified the Tengu Enchanter began the quest for the Orb.
     0 | D:1      | Reached XP level 1. HP: 10/10 MP: 4/4
   695 | D:1      | Reached skill level 1 in Fighting
   695 | D:1      | Reached XP level 2. HP: 16/16 MP: 6/6
  1080 | D:2      | Noticed a scorpion
  1131 | D:2      | Noticed Terence
  1275 | D:2      | Reached XP level 3. HP: 17/20 MP: 5/7
  1293 | D:2      | Learned a level 2 spell: Ensorcelled Hibernation
  1297 | D:2      | Learned a level 3 spell: Confuse
  1730 | D:3      | Found a shimmering blue altar of Sif Muna.
  2163 | D:2      | Killed a scorpion
  2163 | D:2      | Reached XP level 4. HP: 11/27 MP: 1/8
  2382 | D:2      | Killed Terence
  2382 | D:2      | Gained mutation: You can fly continuously. [Tengu growth]
  2382 | D:2      | Reached XP level 5. HP: 19/31 MP: 5/9
  2558 | D:2      | Reached skill level 1 in Armour
  2877 | D:3      | Found a blossoming altar of Fedhas.
  2945 | D:3      | Found a large runed translucent door.
  2945 | D:3      | Found a large runed translucent door.
  2947 | D:3      | Noticed sbaton's ghost (amateur DDFi)
  2949 | D:3      | Noticed an ogre
  2971 | D:3      | Killed an ogre
  2971 | D:3      | Reached XP level 6. HP: 37/37 MP: 10/10
  3373 | D:4      | Found a stormy altar of Qazlal.
  3434 | D:4      | Found a stormy altar of Qazlal.
  3890 | D:5      | Entered Level 5 of the Dungeon
  3890 | D:5      | Noticed a sky beast
  3901 | D:5      | Killed a sky beast
  3901 | D:5      | Reached XP level 7. HP: 43/43 MP: 11/11
  3930 | D:5      | Found a hazy altar of Hepliaklqana.
  3931 | D:5      | Found a shimmering altar of Xom.
  3931 | D:5      | Noticed a caustic shrike
  3932 | D:5      | Noticed a caustic shrike
  3932 | D:5      | Noticed a spectral ugly thing
  3998 | D:5      | Found a snail-covered altar of Cheibriados.
  4012 | D:5      | Noticed a hippogriff
  4027 | D:5      | Killed a hippogriff
  4027 | D:5      | Reached skill level 5 in Short Blades
  4074 | D:5      | Reached XP level 8. HP: 35/48 MP: 12/12
  4175 | D:5      | Learned a level 1 spell: Confusing Touch
  4239 | D:5      | Found an iron altar of Okawaru.
  4257 | D:5      | Found a sparkling altar of Nemelex Xobeh.
  4263 | D:5      | Reached skill level 5 in Fighting
  4423 | D:5      | Reached skill level 5 in Armour
  4565 | D:6      | Got a garnet-encrusted ring mail
  4576 | D:6      | Identified the +5 ring mail of Curph {Int+2} (You found it
                  | on level 6 of the Dungeon)
  4845 | D:6      | Noticed Edmund
  4861 | D:6      | Killed Edmund
  5707 | D:7      | Reached XP level 9. HP: 48/55 MP: 13/13
  5838 | D:7      | Found a flagged portal.
  5849 | Bailey   | Entered a bailey
  6229 | Bailey   | Identified a scroll of acquirement
  6316 | D:7      | Reached skill level 1 in Polearms
  6535 | D:7      | Found a glowing silver altar of Zin.
  6635 | D:7      | Found a sacrificial altar of Ru.
  6720 | D:7      | Learned a level 3 spell: Spectral Weapon
  6775 | D:7      | Found a staircase to the Ecumenical Temple.
  6786 | Temple   | Entered the Ecumenical Temple
  7016 | Temple   | Became a worshipper of Yredelemnul the Dark
  7174 | D:8      | Reached skill level 5 in Polearms
  7465 | D:10     | Entered Level 10 of the Dungeon
  7495 | D:9      | Noticed Erica
  7524 | D:8      | Reached XP level 10. HP: 50/63 MP: 14/14
  7667 | D:8      | Noticed Harold
  7713 | D:10     | Reached * piety under Yredelemnul
  7713 | D:10     | Reached skill level 1 in Invocations
  7846 | D:10     | Found a staircase to the Orcish Mines.
  7903 | D:10     | Gained mutation: You are robust. (+10% HP) [potion of
                  | mutation]
  7903 | D:10     | Gained mutation: You are partially covered in thin metallic
                  | scales. (AC +2) [potion of mutation]
  7951 | D:10     | Reached ** piety under Yredelemnul
  7952 | D:10     | Reached XP level 11. HP: 72/74 MP: 15/15
  7963 | D:10     | Reached skill level 10 in Polearms
  8023 | D:10     | Noticed a red ugly thing
  8041 | D:10     | Killed a red ugly thing
  8042 | D:10     | Found Utwuq's Gadget Shoppe.
  8055 | D:10     | Bought a wand of acid (8) for 312 gold pieces
  8055 | D:10     | Bought a wand of disintegration (9) for 169 gold pieces
  8545 | D:11     | Noticed Psyche
  8612 | D:11     | Reached *** piety under Yredelemnul
  8698 | D:11     | Noticed a soul eater
  8762 | D:11     | Found a shimmering blue altar of Sif Muna.
  8845 | D:11     | Reached skill level 5 in Invocations
  8883 | D:11     | Killed Psyche
  9138 | D:12     | Noticed a brown ugly thing
  9163 | D:12     | Noticed a four-headed hydra
  9238 | D:12     | Found Yxuej's General Store.
  9242 | D:12     | Noticed a manticore
  9245 | D:12     | Bought a scroll of fear for 45 gold pieces
  9245 | D:12     | Bought a scroll of enchant weapon for 97 gold pieces
  9252 | D:12     | Killed a manticore
  9342 | D:12     | Received a gift from Yredelemnul (a mummy)
  9459 | D:12     | Killed a brown ugly thing
  9571 | D:12     | Noticed a two-headed ogre
  9579 | D:12     | Killed a two-headed ogre
  9579 | D:12     | Reached XP level 12. HP: 64/83 MP: 17/17
  9585 | D:12     | Killed a four-headed hydra
  9798 | D:12     | Received a gift from Yredelemnul (5 flying skulls)
 10107 | D:13     | Found a gate leading to a gauntlet.
 10121 | D:13     | Noticed a vault guard
 10121 | D:13     | Noticed a vault guard
 10121 | D:13     | Noticed a vault guard
 10121 | D:13     | Noticed a vault guard
 10122 | D:13     | Found a gate to the Vaults.
 10122 | D:13     | Noticed a vault guard
 10122 | D:13     | Noticed a vault guard
 10122 | D:13     | Noticed a vault guard
 10123 | D:13     | Noticed a vault guard
 10137 | Gauntlet | Entered a Gauntlet
 10137 | Gauntlet | Found a transporter.
 10137 | Gauntlet | Found a transporter.
 10141 | Gauntlet | Found a transporter.
 10141 | Gauntlet | Found a transporter.
 10150 | Gauntlet | Found a transporter.
 10154 | Gauntlet | Found a large runed translucent door.
 10169 | Gauntlet | Found a transporter.
 10170 | Gauntlet | Noticed a reaper
 10173 | Gauntlet | Found a transporter.
 10173 | Gauntlet | Found a transporter.
 10176 | Gauntlet | Found a transporter.
 10203 | Gauntlet | Found a transporter.
 10210 | Gauntlet | Found a transporter.
 10232 | Gauntlet | Found a transporter.
 10267 | Gauntlet | Found a transporter.
 10281 | Gauntlet | Noticed a wretched star
 10282 | Gauntlet | Found a transporter.
 10385 | Gauntlet | Found a transporter.
 10387 | Gauntlet | Found a large runed translucent door.
 10387 | Gauntlet | Found a large runed translucent door.
 10388 | Gauntlet | Found a large runed translucent door.
 10388 | Gauntlet | Found a large runed translucent door.
 10389 | Gauntlet | Found a large runed translucent door.
 10389 | Gauntlet | Found a runed translucent door.
 10389 | Gauntlet | Found a runed translucent door.
 10389 | Gauntlet | Found a large runed translucent door.
 10389 | Gauntlet | Found a large runed translucent door.
 10390 | Gauntlet | Found a large runed translucent door.
 10390 | Gauntlet | Found a large runed translucent door.
 10393 | Gauntlet | Found a large runed translucent door.
 10393 | Gauntlet | Found a large runed translucent door.
 10395 | Gauntlet | Found a large runed translucent door.
 10395 | Gauntlet | Found a large runed translucent door.
 10395 | Gauntlet | Found a large runed translucent door.
 10397 | Gauntlet | Found a runed translucent gate.
 10397 | Gauntlet | Found a runed translucent gate.
 10397 | Gauntlet | Found a runed translucent gate.
 10399 | Gauntlet | Found a transporter.
 10410 | Gauntlet | Found a large runed translucent door.
 10597 | Gauntlet | Got a distressingly furry hat
 10629 | Gauntlet | Identified the +0 hat "Mam Divo" {Str+4} (You found it in a
                  | Gauntlet)
 10709 | Gauntlet | Identified the ring "Buim" {rElec rF+ rC+ MR+}
 10709 | Gauntlet | Noticed a minotaur
 10721 | Gauntlet | Killed a minotaur
 10721 | Gauntlet | Reached skill level 5 in Dodging
 11196 | D:9      | Found a shattered altar of Ashenzari.
 11375 | D:9      | Killed Erica
 11572 | D:9      | Noticed Grum
 11587 | D:9      | Killed Grum
 11675 | D:9      | Found a staircase to the Lair.
 11712 | Lair:1   | Entered Level 1 of the Lair of Beasts
 12016 | Lair:1   | Noticed a four-headed hydra
 12028 | Lair:1   | Killed a one-headed hydra
 12089 | Lair:1   | Noticed an eight-headed hydra
 12262 | Lair:2   | Noticed a four-headed hydra
 12263 | Lair:2   | Found a runed translucent gate.
 12264 | Lair:2   | Found a runed translucent gate.
 12266 | Lair:2   | Found a runed translucent gate.
 12276 | Lair:2   | Killed a one-headed hydra
 12281 | Lair:2   | Noticed sipior's ghost (journeyman TrBe)
 12309 | Lair:2   | Reached XP level 13. HP: 74/90 MP: 15/19
 12497 | Lair:2   | Received a gift from Yredelemnul (a wight)
 13131 | Lair:3   | Reached **** piety under Yredelemnul
 13132 | Lair:3   | Received a gift from Yredelemnul (a mummy)
 13138 | Lair:3   | Found a hole to the Spider Nest.
 13218 | Lair:3   | Found a runed translucent door.
 13218 | Lair:3   | Noticed opiumtea's ghost (journeyman DrCj)
 13229 | Lair:3   | Reached skill level 5 in Spellcasting
 13367 | Lair:3   | Reached skill level 1 in Charms
 14074 | Lair:4   | Received a gift from Yredelemnul (a wraith)
 14540 | Lair:4   | Found a staircase to the Swamp.
 14834 | Lair:5   | Reached ***** piety under Yredelemnul
 15002 | Lair:5   | Received a gift from Yredelemnul (a wraith)
 15480 | Lair:6   | Entered Level 6 of the Lair of Beasts
 15480 | Lair:6   | Noticed Snorg
 15498 | Lair:6   | Reached XP level 14. HP: 57/95 MP: 25/25
 15546 | Lair:6   | Killed Snorg
 15559 | Lair:6   | Reached skill level 5 in Hexes
 15616 | Lair:6   | Reached skill level 5 in Charms
 15750 | Lair:6   | Found a dark tunnel.
 15759 | Volcano  | Entered a volcano
 15793 | Volcano  | Got a slimy scale mail
 15944 | Volcano  | Identified the +7 scale mail of the Circus Animal {Str+2}
                  | (You found it in a volcano)
 16219 | Lair:6   | Found a viscous altar of Jiyva.
 16221 | Lair:6   | Found a staircase to the Slime Pits.
 16266 | Lair:6   | Reached skill level 10 in Fighting
 16630 | Lair:6   | Received a gift from Yredelemnul (a phantasmal warrior)
 16909 | Lair:6   | Received a gift from Yredelemnul (a wraith)
 17503 | Lair:1   | Noticed Joseph
 17518 | Lair:1   | Killed Joseph
 17858 | Orc:1    | Entered Level 1 of the Orcish Mines
 17858 | Orc:1    | Found Recigg's Antique Weapon Boutique.
 17858 | Orc:1    | Found Zujaqol's Assorted Antiques.
 17985 | Orc:1    | Bought a scroll of magic mapping for 119 gold pieces
 17985 | Orc:1    | Bought a scroll of teleportation for 102 gold pieces
 17999 | Orc:1    | Found Jetsocw's General Store.
 18024 | Orc:1    | Found a runed translucent door.
 18026 | Orc:1    | Noticed MrBoozer's ghost (journeyman TrCK)
 18240 | Orc:2    | Entered Level 2 of the Orcish Mines
 18255 | Orc:2    | Received a gift from Yredelemnul (a vampire)
 18265 | Orc:2    | Found a staircase to the Elven Halls.
 18371 | Orc:2    | Found a roughly hewn altar of Beogh.
 18499 | Orc:2    | Found a transporter.
 18499 | Orc:2    | Noticed Delamore's ghost (journeyman HOFi)
 18507 | Orc:2    | Found a transporter.
 18540 | Orc:2    | Received a gift from Yredelemnul (a wraith)
 18568 | Orc:2    | Found a roughly hewn altar of Beogh.
 18588 | Orc:2    | Received a gift from Yredelemnul (a skeletal warrior)
 18608 | Orc:2    | Reached XP level 15. HP: 75/102 MP: 28/28
 18771 | Orc:2    | Found Maomniuna's Magic Scroll Shoppe.
 18784 | Orc:2    | Received a gift from Yredelemnul (a wraith)
 18784 | Orc:2    | Found Perph's Distillery.
 18904 | Orc:2    | Received a gift from Yredelemnul (a phantasmal warrior)
 19123 | Orc:2    | Received a gift from Yredelemnul (a vampire knight)
 19228 | Orc:2    | Found Pimnaz's Gadget Boutique.
 19228 | Orc:2    | Found a one-way gate leading to the halls of Pandemonium.
 19228 | Orc:2    | Found Gecwu's Antique Armour Shop.
 19246 | Orc:2    | Bought a bloodstained ring mail for 297 gold pieces
 19246 | Orc:2    | Identified the cursed +0 ring mail of the Dice {rPois rF+
                  | Str-3 Dex+4} (You bought it in a shop on level 2 of the
                  | Orcish Mines)
 19361 | D:13     | Received a gift from Yredelemnul (a skeletal warrior)
 20447 | D:14     | Reached ****** piety under Yredelemnul
 20447 | D:14     | Reached skill level 15 in Polearms
 20620 | D:14     | Got a scorched cloak
 20631 | D:14     | Identified the +0 cloak "Xesu" {rC+ Dex+4} (You found it on
                  | level 14 of the Dungeon)
 21065 | D:14     | Found a shadowy altar of Dithmenos.
 21079 | D:14     | Received a gift from Yredelemnul (a wraith)
 21178 | D:15     | Entered Level 15 of the Dungeon
 21203 | D:15     | Noticed Rupert
 21205 | D:15     | Reached XP level 16. HP: 111/111 MP: 29/29
 21437 | D:15     | Noticed Agnes
 21453 | D:15     | Killed Agnes
 21477 | D:15     | Found a staircase to the Depths.
 21496 | D:15     | Received a gift from Yredelemnul (a flayed ghost)
 21658 | D:15     | Killed Rupert
 21822 | D:15     | Reached skill level 10 in Dodging
 21897 | D:15     | Received a gift from Yredelemnul (a phantasmal warrior)
 22395 | D:8      | Killed Harold
 22425 | D:8      | Found a burning altar of Makhleb.
 22552 | D:8      | Received a gift from Yredelemnul (a ghoul)
 22559 | D:8      | Noticed Gastronok
 22568 | D:8      | Killed Gastronok
 22579 | D:8      | Found a bloodstained altar of Trog.
 22823 | D:3      | Identified Sif Muna's Reference Book on Self-Knowledge
 22917 | D:3      | Killed sbaton's ghost
 23152 | Lair:2   | Killed sipior's ghost
 23264 | Lair:3   | Killed opiumtea's ghost
 23443 | Orc:1    | Killed MrBoozer's ghost
 23450 | Orc:1    | Identified the Catalogue of Dislocated Fire
 23878 | Swamp:1  | Entered Level 1 of the Swamp
 23991 | Swamp:1  | Noticed a thorn hunter
 23993 | Swamp:1  | Received a gift from Yredelemnul (a bone dragon)
 24008 | Swamp:1  | Killed a thorn hunter
 24074 | Swamp:1  | Found a runed translucent gate.
 24074 | Swamp:1  | Found a runed translucent gate.
 24074 | Swamp:1  | Found a runed translucent gate.
 24075 | Swamp:1  | Noticed Buem's ghost (adept OgAM)
 24114 | Swamp:1  | Received a gift from Yredelemnul (a flayed ghost)
 24120 | Swamp:1  | Killed Buem's ghost
 24127 | Swamp:1  | Got a transparent hat
 24137 | Swamp:1  | Identified the cursed +0 hat of Jaerch {rC+ Slay+3} (You
                  | found it on level 1 of the Swamp)
 24598 | Swamp:2  | Received a gift from Yredelemnul (a bone dragon)
 24610 | Swamp:2  | Learned a level 3 spell: Regeneration
 24677 | Swamp:2  | Got a pair of ancient gloves
 24688 | Swamp:2  | Identified the +5 pair of gloves "Uwnopogg" {Dex+2} (You
                  | found it on level 2 of the Swamp)
 24778 | Swamp:2  | Received a gift from Yredelemnul (a phantasmal warrior)
 25457 | Swamp:4  | Entered Level 4 of the Swamp
 25460 | Swamp:4  | Noticed Louise
 25516 | Swamp:3  | Reached XP level 17. HP: 105/118 MP: 26/30
 25519 | Swamp:3  | Reached skill level 10 in Armour
 25608 | Swamp:3  | Found an opulent altar of Gozag.
 25641 | Swamp:3  | Received a gift from Yredelemnul (a vampire)
 26149 | Swamp:4  | Received a gift from Yredelemnul (a flayed ghost)
 26169 | Swamp:4  | Found the +2 cloak of the Thief {+Fog Slay-2 SInv Stlth+}
 26194 | Swamp:4  | Noticed Kirke
 26194 | Swamp:4  | Noticed Aizul
 26217 | Swamp:4  | Killed Aizul
 26226 | Swamp:4  | Killed Kirke
 26307 | Swamp:4  | Killed Louise
 26359 | Swamp:4  | Received a gift from Yredelemnul (a vampire knight)
 26539 | Swamp:4  | Received a gift from Yredelemnul (a profane servitor)
 26655 | Swamp:4  | Got a decaying rune of Zot
 26861 | Spider:1 | Entered Level 1 of the Spider Nest
 26903 | Spider:1 | Received a gift from Yredelemnul (a vampire knight)
 27006 | Spider:1 | Found a frozen archway.
 27079 | IceCv    | Entered an ice cave
 27288 | IceCv    | Received a gift from Yredelemnul (a skeletal warrior)
 27427 | IceCv    | Received a gift from Yredelemnul (a phantasmal warrior)
 27435 | IceCv    | Reached XP level 18. HP: 101/127 MP: 24/31
 27499 | IceCv    | Noticed an Ice Fiend
 27511 | IceCv    | Killed an Ice Fiend
 28220 | Spider:1 | Received a gift from Yredelemnul (a ghoul)
 29667 | Spider:3 | Received a gift from Yredelemnul (a phantasmal warrior)
 30050 | Spider:4 | Entered Level 4 of the Spider Nest
 30061 | Spider:4 | Received a gift from Yredelemnul (a vampire)
 30098 | Spider:4 | Noticed Mara
 30115 | Spider:4 | Noticed Amplified's illusion
 30123 | Spider:4 | Killed Mara
 30123 | Spider:4 | Reached skill level 15 in Fighting
 30363 | Spider:4 | Received a gift from Yredelemnul (a phantasmal warrior)
 30617 | Spider:4 | Reached XP level 19. HP: 130/136 MP: 10/32
 30712 | Spider:4 | Reached skill level 15 in Dodging
 30719 | Spider:4 | Received a gift from Yredelemnul (a phantasmal warrior)
 30793 | Spider:4 | Got a gossamer rune of Zot
 31177 | Vaults:1 | Entered Level 1 of the Vaults
 31256 | Vaults:1 | Noticed Donald
 31267 | Vaults:1 | Killed Donald
 31507 | Vaults:1 | Found a white marble altar of Elyvilon.
 31742 | Vaults:1 | Received a gift from Yredelemnul (a skeletal warrior)
 32455 | Vaults:2 | Reached skill level 15 in Armour
 32456 | Vaults:2 | Received a gift from Yredelemnul (a bone dragon)
 32533 | Vaults:2 | Found a flickering gateway to a bazaar.
 32546 | Bazaar   | Entered a bazaar
 32546 | Bazaar   | Found Foinetol's Food Shoppe.
 32546 | Bazaar   | Found Lesmeir's Food Emporium.
 32550 | Bazaar   | Found Liexzeet's Book Shoppe.
 32564 | Bazaar   | Found Uzuhaug's Food Emporium.
 32584 | Bazaar   | Bought a ration for 35 gold pieces
 32584 | Bazaar   | Bought a ration for 35 gold pieces
 32584 | Bazaar   | Bought a ration for 35 gold pieces
 32584 | Bazaar   | Bought a ration for 35 gold pieces
 32584 | Bazaar   | Bought a ration for 35 gold pieces
 32584 | Bazaar   | Bought a ration for 35 gold pieces
 32584 | Bazaar   | Bought a ration for 35 gold pieces
 32584 | Bazaar   | Bought a ration for 35 gold pieces
 32590 | Bazaar   | Bought a ration for 45 gold pieces
 32590 | Bazaar   | Bought a ration for 45 gold pieces
 32590 | Bazaar   | Bought a ration for 45 gold pieces
 32590 | Bazaar   | Bought a ration for 45 gold pieces
 32590 | Bazaar   | Bought a ration for 45 gold pieces
 32590 | Bazaar   | Bought a ration for 45 gold pieces
 32590 | Bazaar   | Bought a ration for 45 gold pieces
 32590 | Bazaar   | Bought a ration for 45 gold pieces
 32590 | Bazaar   | Bought a ration for 45 gold pieces
 32590 | Bazaar   | Bought a ration for 45 gold pieces
 32590 | Bazaar   | Bought a ration for 45 gold pieces
 32590 | Bazaar   | Bought a ration for 45 gold pieces
 32594 | Bazaar   | Bought a ration for 35 gold pieces
 32594 | Bazaar   | Bought a ration for 35 gold pieces
 32594 | Bazaar   | Bought a ration for 35 gold pieces
 32594 | Bazaar   | Bought a ration for 35 gold pieces
 32594 | Bazaar   | Bought a ration for 35 gold pieces
 32594 | Bazaar   | Bought a ration for 35 gold pieces
 32594 | Bazaar   | Bought a ration for 35 gold pieces
 32594 | Bazaar   | Bought a ration for 35 gold pieces
 32608 | Bazaar   | Bought a book of Death for 1120 gold pieces
 32675 | Vaults:2 | Received a gift from Yredelemnul (a flayed ghost)
 32695 | Vaults:2 | Learned a level 5 spell: Dispel Undead
 33268 | Vaults:3 | Received a gift from Yredelemnul (a vampire knight)
 33319 | Vaults:3 | Reached XP level 20. HP: 99/145 MP: 33/33
 33540 | Vaults:4 | Reached skill level 1 in Necromancy
 33596 | Vaults:4 | Received a gift from Yredelemnul (a skeletal warrior)
 33776 | Vaults:4 | Received a gift from Yredelemnul (a profane servitor)
 33811 | Vaults:4 | Received a gift from Yredelemnul (a vampire)
 34468 | Vaults:3 | Reached skill level 10 in Invocations
 34469 | Vaults:3 | Received a gift from Yredelemnul (a vampire knight)
 34529 | Vaults:3 | Received a gift from Yredelemnul (a flayed ghost)
 34717 | Vaults:3 | You are sucked into a shaft and drop 1 floor!
 34855 | Vaults:3 | Found a large runed translucent door.
 34855 | Vaults:3 | Found a large runed translucent door.
 34855 | Vaults:3 | Found a large runed translucent door.
 34855 | Vaults:3 | Found a large runed translucent door.
 34855 | Vaults:3 | Found a large runed translucent door.
 34855 | Vaults:3 | Found a large runed translucent door.
 34855 | Vaults:3 | Noticed Sianeop's ghost (adept GrFi)
 34856 | Vaults:3 | Found a large runed translucent door.
 34856 | Vaults:3 | Found a large runed translucent door.
 35280 | Vaults:3 | Reached skill level 5 in Necromancy
 35532 | Vaults:3 | Found a staircase to the Crypt.
 35724 | Vaults:3 | Got a translucent plate armour
 35760 | Vaults:3 | Killed Sianeop's ghost
 35773 | Vaults:3 | Identified the +17 plate armour "Aleynih" {Str+5} (You
                  | found it on level 3 of the Vaults)
 36093 | Vaults:2 | Received a gift from Yredelemnul (a bone dragon)
 36201 | Vaults:2 | Reached XP level 21. HP: 141/154 MP: 35/35
 36568 | Elf:1    | Entered Level 1 of the Elven Halls
 36650 | Elf:1    | Found Bewn's Armour Shoppe.
 36659 | Elf:1    | Bought the +5 ring mail of Beogh's Pride {rPois rN+} for
                  | 577 gold pieces
 36695 | Elf:1    | Received a gift from Yredelemnul (a skeletal warrior)
 36794 | Elf:1    | Received a gift from Yredelemnul (a flayed ghost)
 36802 | Elf:1    | Identified Julus's Handbook of Stolen Souls
 37061 | Elf:2    | Received a gift from Yredelemnul (a phantasmal warrior)
 37092 | Elf:2    | Found Neraosm's Armour Boutique.
 37162 | Elf:2    | Received a gift from Yredelemnul (a ghoul)
 37210 | Elf:2    | Identified the +3 leather armour "Zoumud" {-Tele rElec
                  | rN+++ Str-3} (You found it on level 2 of the Elven Halls)
 37234 | Elf:2    | Found a runed translucent gate.
 37234 | Elf:2    | Found a runed translucent gate.
 37239 | Elf:2    | Found a runed translucent gate.
 37396 | Elf:3    | Entered Level 3 of the Elven Halls
 37716 | Crypt:1  | Entered Level 1 of the Crypt
 37948 | Crypt:1  | Found a runed translucent gate.
 37948 | Crypt:1  | Found a runed translucent gate.
 37948 | Crypt:1  | Found a runed translucent gate.
 37949 | Crypt:1  | Found an opulent altar of Gozag.
 37950 | Crypt:1  | Noticed Woadakig's ghost (veteran FoFi)
 37953 | Crypt:1  | Found Cewnimav's Assorted Antiques.
 38119 | Crypt:1  | Received a gift from Yredelemnul (a flayed ghost)
 38257 | Crypt:1  | Killed Woadakig's ghost
 38315 | Crypt:1  | Received a gift from Yredelemnul (a skeletal warrior)
 38349 | Crypt:1  | Bought a potion of curing for 99 gold pieces
 38349 | Crypt:1  | Bought a wand of acid (6) for 264 gold pieces
 38423 | Crypt:3  | Entered Level 3 of the Crypt
 38456 | Crypt:3  | Noticed Jory
 38572 | Crypt:3  | Noticed Frederick
 38617 | Crypt:3  | Killed Frederick
 38704 | Crypt:3  | Received a gift from Yredelemnul (a ghoul)
 38961 | Crypt:3  | Received a gift from Yredelemnul (a vampire knight)
 39133 | Crypt:3  | Noticed a bone dragon
 39160 | Crypt:3  | Killed a bone dragon
 39163 | Crypt:3  | Reached XP level 22. HP: 129/162 MP: 29/36
 39253 | Crypt:3  | Killed Jory
 39377 | Crypt:3  | Received a gift from Yredelemnul (a skeletal warrior)
 39383 | Crypt:3  | Found a staircase to the Tomb.
 39601 | Crypt:3  | Noticed an ancient lich
 39614 | Crypt:3  | Killed an ancient lich
 39635 | Crypt:3  | Noticed an ancient lich
 39647 | Crypt:3  | Killed an ancient lich
 39666 | Crypt:3  | Identified the amulet "Putolu" {rPois Regen+} (You found it
                  | on level 3 of the Crypt)
 39667 | Crypt:3  | Identified the amulet "Vekhesket" {rPois rF+ Regen+ Int-2}
                  | (You found it on level 3 of the Crypt)
 39668 | Crypt:3  | Identified the ring "Vuynnux" {+Blink rN+ Str+4} (You found
                  | it on level 3 of the Crypt)
 39760 | Crypt:2  | Received a gift from Yredelemnul (a flayed ghost)
 39771 | Crypt:3  | Mangled by a vampire knight

Levels and vault maps discovered:
D:1:      evilmike_arrival_hilbert_curve, layout_basic, grunt_decor_cap
D:2:      layout_basic, minmay_misc_feat_encased, minivault_5, uniq_terence
D:3:      layout_basic, marbit_many_paths, ebering_ghost_disaster_area,
          wad_floor_pattern_2, minmay_misc_feat_cross, led_sif_book
D:4:      layout_loops_ring, lemuel_crystal_altar, first_ration,
          nicolae_qazlal_eye_of_the_storm
D:5:      layout_cave_pools, regret_index_temple_of_mockery, okawaru_trees_1,
          lemuel_round_altar, lemuel_round_altar
D:6:      kennysheep_spiral_hall, layout_loops_ring, serial_rivers,
          chequers_serial_rivers_small_3, chequers_serial_rivers_micro_e,
          chequers_serial_rivers_micro_d, chequers_serial_rivers_micro_e,
          chequers_serial_rivers_small_a, uniq_edmund
D:7:      layout_rooms, zin_academy, temple_hall, enter_bailey_1,
          grunt_ogre_cave, nicolae_ru_sacrificial_ziggurat
D:8:      layout_basic, tgw_trog, lemuel_doored_altar, uniq_harold,
          uniq_gastronok
D:9:      layout_loops_cross, evilmike_ruin_ashenzari, david_lair_shrubbed,
          uniq_erica, uniq_grum
D:10:     layout_rooms, orc_0_dummy, serial_shops, kennysheep_mini,
          minmay_fountain_box
D:11:     layout_rooms, serial_glass, glass_columns_a, glass_columns_a,
          basic_altar, uniq_psyche
D:12:     layout_loops_ring, serial_shops, shop, drop_trap
D:13:     layout_layer_cave, erik_vaults_2, gauntlet_entry_generic
D:14:     layout_roguey, minmay_staircase_bubble,
          nicolae_dithmenos_through_a_glass_darkly
D:15:     gammafunk_depths_entry_grave, layout_basic,
          ebering_dispersal_statue_hall, uniq_agnes, uniq_rupert
Temple:   compressed_dpeg_triangle_lava_temple
Lair:1:   layout_regular_city, minmay_lair_oklob_bushes, uniq_joseph
Lair:2:   layout_roguey, gammafunk_ghost_necromancy
Lair:3:   layout_hall_layers, nicolae_spider_entry_non_spiders,
          ebering_ghost_reflecting_pool
Lair:4:   layout_regular_city, swamp_mist_pool, serial_bayou_pond_c,
          grunt_megastairs_4
Lair:5:   layout_regular_city
Lair:6:   gammafunk_lair_ancient_temple, layout_cave_pods,
          dpeg_slime_entry_enclosed_altar, nicolae_volcano_entry_lava_flow,
          uniq_snorg
Swamp:1:  layout_basic_swamp, gammafunk_ghost_split, hangedman_swamp_ruin_wall
Swamp:2:  layout_falls_marsh, evilmike_swamp_ruin_house_2
Swamp:3:  layout_falls_marsh, nicolae_swamp_godswood
Swamp:4:  swamp_basic_johnstein, layout_basic_swamp, uniq_aizul, uniq_kirke,
          uniq_louise
Spider:1: layout_spider_delve, portal_ice_cave_entry_pillars_three,
          nicolae_spider_circle_web
Spider:2: layout_spider_delve
Spider:3: layout_spider_delve
Spider:4: grunt_spider_rune_parallel, uniq_mara
Orc:1:    layout_caves, ebering_ghost_reflecting_pool, serial_shops,
          shop_statue, shop, nicolae_shop_stone, nicolae_shop_waterfront, shop
Orc:2:    pf_orc_diabolical, layout_caves, gammafunk_ghost_stat_death,
          basic_altar, mines1_david
Elf:1:    minmay_elf_arrival_circle, layout_loops_corners, serial_shops, shop,
          minmay_elf_necromancy, david_defended_altar_elf, uniq_frances,
          uniq_nikola
Elf:2:    layout_rooms, serial_shops, shop
Elf:3:    minmay_elf_hall_dome, layout_rooms, serial_sigils,
          serial_sigils_hangedman_stare, serial_sigils_hangedman_scar,
          serial_sigils_hangedman_shear, serial_sigils_hangedman_scratch,
          minmay_misc_feat_five, minivault_25
Vaults:1: nicolae_vaults_display_case, v_rooms_4, v_misc_8, v_pattern_2,
          nicolae_vaults_little_squares_1, ontoclasm_vaults_ring_square,
          vaults_dpeg_ring, nicolae_vaults_little_squares_4,
          ontoclasm_vaults_twist, layout_vaults_omnicross, basic_altar,
          uniq_donald
Vaults:2: vaults_room_door_hall, ontoclasm_vaults_bender, v_misc_11,
          nicolae_vaults_what_the_h, v_alt_pattern_6, st_lines,
          nicolae_vaults_alarming, vaults_dpeg_encased_lava, v_misc_11,
          vaults_room_large_hall, ontoclasm_vaults_claustrophobia,
          ontoclasm_vaults_ring_small, nicolae_vaults_asterisk,
          layout_vaults_omnibox, serial_shops, bzr_entry_road
Vaults:3: advil_vaults_ghost_lines, minmay_crypt_entry_simple_walls,
          nicolae_vaults_know_your_exits, nicolae_vaults_sealed_display,
          nicolae_vaults_rhombus_5, v_pattern_3,
          nicolae_vaults_little_squares_4, dpeg_vaults_monster_box,
          nicolae_vaults_shelves_hall, layout_vaults_quadrants
Vaults:4: nicolae_vaults_theta, hangedman_vaults_restitches, v_rooms_5,
          vaults_mumra_bighexcomb, vaults_room_large_hall,
          hangedman_vaults_restitches, grunt_vaults_diagonal, v_misc_11,
          vaults_room_fours, v_alt_pattern_2, vaults_room_door_ring,
          nicolae_vaults_little_squares_1, layout_vaults_big_room
Crypt:1:  layout_misc_corridors, ebering_ghost_gozag
Crypt:2:  layout_rooms, st_stairs_1
Crypt:3:  david_glass_crypt, layout_chaotic_city,
          nicolae_tomb_entry_grand_gallery, uniq_jory, uniq_frederick

Skill      XL: |  1  2  3  4  5  6  7  8  9 10 11 12 13 14 15 16 17 18 19 20 21 22 |
---------------+-------------------------------------------------------------------+-----
Fighting       | 1 2 3 4 6 7 8 9 10 11 12 14 15 16 17 18 | 18.5
Short Blades   | 2 3 4 5 7 |  7.7
Armour         | 2 3 4 5 7 9 12 13 15 16 | 16.3
Dodging        | 3 4 6 8 9 11 13 14 15 17 18 | 18.0
Polearms       | 6 9 12 13 14 16 17 18 | 18.3
Invocations    | 3 5 7 8 9 10 | 10.6
Spellcasting   | 3 6 8 9 |  9.9
Charms         | 4 5 6 |  6.0
Hexes          | 4 5 |  5.7
Necromancy     | 5 |  5.6
Stealth        | |  3.6

Action                   |  1- 3 |  4- 6 |  7- 9 | 10-12 | 13-15 | 16-18 | 19-21 | 22-24 || total
-------------------------+-------+-------+-------+-------+-------+-------+-------+-------++-------
Melee: Dagger            |   101 |   116 |   244 |    17 |       |       |       |       ||   478
       Kick              |    24 |    19 |    75 |   145 |   287 |   369 |   437 |    33 ||  1389
       Peck              |     9 |     7 |    58 |   103 |   188 |   237 |   286 |    21 ||   909
       Halberd           |       |       |    99 |   586 |   944 |   903 |  1295 |       ||  3827
       Glaive            |       |       |       |    12 |    47 |   320 |    93 |    98 ||   570
Throw: Dart              |       |       |    18 |     4 |       |     4 |       |       ||    26
 Cast: Corona            |     3 |       |       |       |       |       |       |       ||     3
       Ensorcelled Hiber |     9 |     1 |       |       |       |       |       |       ||    10
       Spectral Weapon   |       |       |       |     4 |    40 |    68 |    50 |     4 ||   166
       Confusing Touch   |       |       |       |     4 |    10 |     4 |     1 |       ||    19
       Regeneration      |       |       |       |       |       |     1 |    21 |     1 ||    23
Invok: Animate Dead      |       |       |       |     2 |     8 |       |       |       ||    10
       Injury Mirror     |       |       |       |     4 |     1 |       |       |       ||     5
       Drain Life        |       |       |       |       |     1 |     5 |     2 |       ||     8
       Recall Undead Sla |       |       |       |       |       |       |     2 |       ||     2
 Abil: Fly               |       |       |       |       |     1 |       |       |       ||     1
       Evoke Blink       |       |       |       |       |       |       |       |     1 ||     1
Evoke: Wand              |       |     1 |    25 |    33 |    26 |    15 |       |     1 ||   101
       Lamp of fire      |       |       |       |     1 |     3 |     1 |     2 |       ||     7
       Phantom mirror    |       |       |       |       |       |     1 |       |       ||     1
  Use: Scroll            |     7 |     5 |     9 |    18 |    24 |    13 |    13 |     5 ||    94
       Potion            |     3 |     3 |     6 |    12 |     5 |     3 |     7 |       ||    39
 Stab: Sleeping          |     3 |     3 |     4 |     2 |     4 |     4 |     4 |     2 ||    26
       Distracted        |       |       |     1 |     3 |     9 |    17 |    17 |     2 ||    49
       Confused          |       |       |       |     2 |     8 |     2 |     1 |       ||    13
       Petrifying        |       |       |       |       |     1 |       |       |       ||     1
       Paralysed         |       |       |       |       |       |     1 |     3 |       ||     4
       Held in net/web   |       |       |       |       |       |     1 |       |       ||     1
  Eat: Chunk             |     3 |     4 |     6 |    16 |    19 |    12 |    15 |       ||    75
       Ration            |     1 |       |     2 |     1 |     4 |     6 |     5 |       ||    19
Armor: Leather armour    |    20 |       |       |       |       |       |       |       ||    20
       Scale mail        |       |    33 |    20 |       |   143 |   381 |   199 |       ||   776
       Skin              |       |    21 |       |       |       |       |       |       ||    21
       Ring mail         |       |       |   132 |   259 |   106 |       |    76 |    37 ||   610
       Plate armour      |       |       |       |       |       |       |    69 |       ||    69
Dodge: Dodged            |    70 |    37 |   239 |   374 |   464 |   996 |   946 |    70 ||  3196
